 Dungeon Crawl Stone Soup version 0.26-a0-1012-gedcf9b2963 (webtiles) character file.

Game seed: 16173078001734479636

44 ArelonLightweaver the Conjurer (level 3, -1/24 HPs)
             Began as a Mummy Conjurer on Dec 7, 2020.
             Slain by Sigmund
             ... wielding a +1 vorpal scythe
              (3 damage)
             ... on level 2 of the Dungeon.
             The game lasted 00:23:03 (1371 turns).

ArelonLightweaver the Conjurer (Mummy Conjurer)     Turns: 1371, Time: 00:23:04

Health: -1/24      AC:  3    Str: 10    XL:     3   Next: 39%
Magic:  7/7        EV: 12    Int: 18    God:
Gold:   49         SH:  0    Dex: 10    Spells: 7/8 levels left

rFire    . . .     SeeInvis .   f - +1 dagger (speed)
rCold    + + .     Faith    .   (no shield)
rNeg     + + +     Spirit   .   a - +0 robe
rPois    ∞         Reflect  .   (no helmet)
rElec    .         Harm     .   h - scarf {rC+ rF+}
rCorr    .         Rampage  .   (no gloves)
Will     .....                  e - +0 pair of boots
Stlth    ++........             (no amulet)
HPRegen  0.08/turn              (no ring)
MPRegen  0.10/turn              (no ring)

@: no status effects
A: no potions, fire vulnerability, cold resistance 1, negative energy resistance
3, torment resistance, unbreathing
a: no special abilities


You were on level 2 of the Dungeon.
You visited 1 branch of the dungeon, and saw 2 of its levels.

You collected 49 gold pieces.

Inventory:

Hand Weapons
 f - a +1 dagger of speed (weapon)
 j - a +2 vampiric hand axe
Missiles
 d - 43 stones
Armour
 a - a +0 robe (worn)
 e - a +0 pair of boots (worn)
 h - a scarf of resistance (worn)
 i - a +0 robe
Jewellery
 g - a cursed -4 ring of strength {unknown}
Scrolls
 b - a scroll of teleportation {unknown}
 c - 3 scrolls of remove curse {unknown}
 k - a scroll of fear {unknown}


   Skills:
 - Level 1.5 Dodging
 - Level 1.5 Stealth
 * Level 3.4 Spellcasting
 + Level 4.0 Conjurations


You had 7 spell levels left.
You knew the following spells:

 Your Spells              Type           Power        Failure   Level
a - Magic Dart            Conj           ###.         3%          1

Your spell library contained the following spells:

 Spells                   Type           Power        Failure   Level
 Searing Ray              Conj           ###...       4%          2
 Dazzling Flash           Conj/Hex       ##....       21%         3
 Fulminant Prism          Conj/Hex       ##........   56%         4
 Iskenderun's Mystic Bla  Conj/Tloc      ##......     56%         4


Dungeon Overview and Level Annotations

Branches:
Dungeon (2/15)

Altars:

Annotations:
D:2 Sigmund


Innate Abilities, Weirdness & Mutations

You do not drink.
Your flesh is vulnerable to fire.
You are immune to poison.
Your flesh is cold resistant. (rC+)
You are immune to negative energy. (rN+++)
You are immune to unholy pain and torment.
You can survive without breathing.


Message History

Okay, then.
Okay, then.
Sigmund the Dreaded comes into view.
He is wielding a +1 vorpal scythe.
Sigmund shouts!
Sigmund casts a spell.
Sigmund flickers and vanishes!
Deactivating autopickup; reactivate with Ctrl-A.
There is a strange disturbance nearby!
Casting: Magic Dart (safe; 3% risk of failure)
Confirm with . or Enter, or press ? or * to list all spells.
Aiming: Magic Dart (safe; 3% risk of failure)
Press: ? - help, Shift-Dir - straight line The magic dart hits something.
You start resting.
Magic restored.
Something hits you!
Ouch! That really hurt!
Something hits you!
* * * LOW HITPOINT WARNING * * *
You die...

###########.#
#.........#.#
#.#######.#.#
#.#.....#.#.#
#.#.###.#.#.#
#.#.#.#.#.#.#
#.#.#<..#.#.###
#.#.#####.#...#
#.#.......#.@.+
#.#########...#
#.............+
###########...#
#...# #...#
#####


There were no monsters in sight!

Vanquished Creatures
  Natasha (D:2)
  A dart slug (D:1)
  2 leopard geckos (D:1)
  2 giant cockroaches (D:1)
  A goblin (D:1)
  A hobgoblin (D:1)
  A bat (D:1)
  A frilled lizard (D:1)
  4 kobolds (D:1)
  3 rats (D:1)
17 creatures vanquished.

Notes
Turn   | Place    | Note
-------+----------+-------------------------------------------
     0 | D:1      | ArelonLightweaver the Mummy Conjurer began the quest for
                  | the Orb.
     0 | D:1      | Reached XP level 1. HP: 13/13 MP: 4/4
   341 | D:1      | Reached XP level 2. HP: 19/19 MP: 4/6
  1105 | D:2      | Noticed Natasha
  1114 | D:2      | Noticed a crimson imp
  1115 | D:2      | Killed Natasha
  1116 | D:2      | Reached skill level 4 in Conjurations
  1116 | D:2      | Reached XP level 3. HP: 9/24 MP: 0/7
  1356 | D:2      | Noticed Sigmund
  1371 | D:2      | Slain by Sigmund

Illustrated notes

Levels and vault maps discovered:
D:1:      dpeg_arrival_shrine, layout_basic
D:2:      layout_basic, uniq_sigmund, uniq_natasha

Skill      XL: |  1  2 |
---------------+-------+-----
Spellcasting   | 3 |  3.4
Conjurations   | 4 |  4.0
Dodging        | |  1.5
Stealth        | |  1.5

Action                   || total
-------------------------++-------
Melee: Unarmed           ||    12
       Dagger            ||     2
 Cast: Magic Dart        ||    35
Armor: Robe              ||     4
Dodge: Dodged            ||    12

Table legend: (Time is in decaauts)
 A = Elapsed time spent in this place.
 B = Non-inter-level travel time spent in this place.
 C = Inter-level travel time spent in this place.
 D = Time resting spent in this place.
 E = Time spent auto-exploring this place.
 F = Levels seen in this place.
 G = Mean time per level.
                   A        B        C        D        E       F      G
               +--------+--------+--------+--------+--------+-----+--------+
         Total |   1374 |    913 |    461 |    402 |      0 |   2 |  687.0 |
       Dungeon |   1374 |    913 |    461 |    402 |      0 |   2 |  687.0 |
               +--------+--------+--------+--------+--------+-----+--------+

Top non-repeatable levels by time:
     D:1: 1109 daAuts
     D:2: 265 daAuts
